Map: Vigília Leste LE

Players

IagoAbreu

  • Race: Protoss Protoss
  • League: Silver
  • Spawn Location: 1:00

rainbow - Winner!

  • Race: Protoss Protoss
  • League: Gold
  • Spawn Location: 7:00

VOD

Have the link to the VOD?

Description

Time

  • Played on: March 9, 2018, 9:56 a.m.
  • Length: 11:54
Show
View Real Time Build Order
Export as new Build Order

IagoAbreu Protoss 

Build Orders:  

Get SALT Encoding   

  12  0:03  Probe (Chrono Boost)  
  13  0:20  Probe  
  13  0:21  Pylon  
  13  0:27  Pylon  
  14  0:34  Pylon  
  14  0:37  Probe  
  14  0:41  Pylon  
  16  0:50  Probe  
  16  1:15  Forge  
  16  1:25  Probe (Chrono Boost)  
  17  1:35  Probe (Chrono Boost)  
  18  1:49  Assimilator  
  18  1:53  Assimilator  
  18  2:19  Photon Cannon  
  18  2:27  Photon Cannon  
  18  2:29  Probe (Chrono Boost)  
  19  2:38  Probe (Chrono Boost)  
  19  2:43  Pylon  
  20  2:54  Photon Cannon  
  20  3:03  Photon Cannon  
  20  3:07  Photon Cannon  
  20  3:14  Probe (Chrono Boost)  
  21  3:25  Gateway  
  21  3:27  Probe (Chrono Boost)  
  22  3:41  Gateway  
  22  3:45  Probe  
  23  3:53  Protoss Shields Level 1 (Chrono Boost)  
  22  4:25  Photon Cannon  
  21  4:39  Photon Cannon  
  10  5:33  Pylon  
  1  7:05  Probe (Chrono Boost)  
  2  7:36  Probe (Chrono Boost)  
  3  8:27  Probe (Chrono Boost)  
  4  8:37  Probe (Chrono Boost)  
  5  8:42  Probe (Chrono Boost)  
  6  8:55  Probe  
  7  9:14  Probe (Chrono Boost)  
  8  9:29  Probe  
  9  9:41  Probe  
  10  9:54  Photon Cannon  
  10  9:57  Pylon  
  9  10:23  Pylon  
  9  10:44  Photon Cannon  
  9  10:50  Probe (Chrono Boost)  
  10  11:00  Probe (Chrono Boost)  
  11  11:10  Photon Cannon  
  11  11:17  Photon Cannon  
  11  11:31  Pylon  
Show
View Real Time Build Order
Export as new Build Order

rainbow Protoss - Winner!

Build Orders:  

Get SALT Encoding   

  12  0:01  Probe (Chrono Boost)  
  13  0:10  Probe (Chrono Boost)  
  14  0:18  Pylon  
  14  0:22  Probe  
  15  0:36  Gateway  
  15  0:39  Probe  
  16  0:46  Assimilator  
  16  1:00  Assimilator  
  16  1:17  Gateway  
  16  1:23  Probe (Chrono Boost)  
  17  1:27  Assimilator  
  18  1:34  Probe (Chrono Boost)  
  18  1:39  Probe (Chrono Boost)  
  19  1:49  Probe  
  21  2:01  Probe  
  21  2:12  Cybernetics Core  
  21  2:16  Pylon  
  21  2:28  Nexus  
  21  2:50  Pylon  
  21  3:00  Adept x2  
  21  3:03  Pylon  
  25  3:08  Pylon  
  25  3:09  Probe  
  26  3:14  Warp Gate  
  26  3:21  Probe  
  27  3:32  Assimilator  
  28  3:34  Probe (Chrono Boost)  
  28  3:41  Probe (Chrono Boost)  
  29  3:47  Adept x2  
  34  3:50  Probe x2 (Chrono Boost)  
  35  3:55  Probe (Chrono Boost)  
  35  3:58  Pylon  
  36  4:07  Probe  
  37  4:19  Probe  
  38  4:31  Probe  
  39  4:43  Probe  
  36  5:19  Probe (Chrono Boost)  
  38  5:29  Probe (Chrono Boost)  
  38  5:34  Probe (Chrono Boost)  
  39  5:45  Probe  
  40  5:57  Probe  
  40  6:01  Assimilator  
  41  6:11  Gateway  
  41  6:13  Gateway  
  41  6:16  Gateway  
  41  6:43  Probe (Chrono Boost)  
  42  6:53  Probe (Chrono Boost)  
  43  6:58  Probe (Chrono Boost)  
  44  7:10  Probe (Chrono Boost)  
  45  7:22  Probe (Chrono Boost)  
  46  7:28  Gateway  
  46  7:29  Probe (Chrono Boost)  
  47  7:30  Gateway  
  47  7:36  Probe  
  48  7:48  Stalker, Probe  
  48  7:49  Stalker  
  53  8:07  Stalker x2  
  57  8:20  Pylon  
  57  8:31  Nexus  
  57  8:35  Stalker x2  
  57  8:36  Stalker x3  
  57  8:40  Forge  
  67  8:50  Nexus  
  67  9:12  Nexus  
  67  9:44  Stalker x2  
  67  9:45  Stalker x4  
  77  9:46  Stalker  
  81  10:04  Nexus  
  81  10:29  Nexus  
  81  11:00  Pylon  
  81  11:10  Pylon  
  81  11:14  Pylon  
  79  11:31  Pylon  
  79  11:34  Probe (Chrono Boost)  
  79  11:37  Probe (Chrono Boost)  
  82  11:41  Probe (Chrono Boost)  
  82  11:44  Probe x2 (Chrono Boost)  
  82  11:46  Probe (Chrono Boost)  
Tags
 
Add a new tag
Caveats
  • Supply blocks, unpowered buildings, or Contaminate may cause inaccurate times.
  • Supply counts are checked every 10 seconds.